 Dungeon Crawl Stone Soup version 0.29.0-7-g18a832c13a (webtiles) character file.

Game seed: 13737080333692119150

11047 LabCoat the Cleaver (level 11, 0/148 HPs)
             Began as a Hill Orc Fighter on Sept 1, 2022.
             Was an Elder of Trog.
             Killed from afar by a salamander mystic (9 damage)
             ... with a bolt of magma
             ... in a volcano.
             The game lasted 00:39:55 (8575 turns).

LabCoat the Cleaver (Hill Orc Fighter)              Turns: 8575, Time: 00:39:56

Health: 0/148      AC: 16    Str: 30    XL:     11   Next: 71%
Magic:  11/11      EV: 11    Int:  8    God:    Trog [****..]
Gold:   673        SH:  6    Dex: 16    Spells: 10/10 levels left

rFire   + . .      SeeInvis .   a - +1 war axe (elec)
rCold   + . .      Faith    .   c - +0 buckler
rNeg    . . .      Spirit   .   r - +2 scale mail {rF+}
rPois   .          Reflect  .   (no helmet)
rElec   .          Harm     .   H - +1 cloak "Qaippoaf" {+Inv rC+}
rCorr   .          Rampage  .   (no gloves)
Will    .....                   k - +2 pair of boots
Stlth   ..........              o - amulet of regeneration
HPRegen 1.14/turn               B - +6 ring of strength
MPRegen 0.12/turn               C - +6 ring of dexterity

@: mighty, berserking, very quick
A: no striking features
a: Renounce Religion, Evoke Invisibility, Berserk, Trog's Hand, Brothers in Arms


You were in a volcano.
You worshipped Trog.
Trog was greatly pleased with you.
You visited 3 branches of the dungeon, and saw 13 of its levels.
You also visited: Volcano.

You collected 673 gold pieces.

Inventory:

Hand Weapons
 a - a +1 war axe of electrocution (weapon)
 e - a +2 morningstar of flaming
 s - a +3 flail
Missiles
 b - 8 poisoned darts
 f - a throwing net
 t - 5 silver boomerangs (quivered)
 I - 7 boomerangs
 L - 5 boomerangs of dispersal
Armour
 c - a +0 buckler (worn)
 k - a +2 pair of boots (worn)
 r - a +2 scale mail of fire resistance (worn)
 x - a +1 plate armour
 y - +0 steam dragon scales
 z - +0 acid dragon scales
 H - the +1 cloak "Qaippoaf" (worn) {+Inv rC+}
   (You found it on level 7 of the Dungeon)

   rC:        It protects you from cold.
   +Inv:      It lets you turn invisible.
Jewellery
 j - a +6 ring of intelligence
 o - an amulet of regeneration (around neck)
 u - a ring of flight
 B - a +6 ring of strength (left hand)
 C - a +6 ring of dexterity (right hand)
 E - an amulet of magic regeneration
 J - a ring of willpower
 K - a ring of poison resistance
Wands
 v - a wand of paralysis (5)
 F - a wand of iceblast (8)
Scrolls
 i - a scroll of brand weapon
 l - 5 scrolls of teleportation
 p - a scroll of enchant armour
Potions
 d - 2 potions of might
 g - 2 potions of resistance
 h - 2 potions of cancellation
 m - 3 potions of lignification
 n - 2 potions of heal wounds {unknown}
 q - 6 potions of brilliance
 w - a potion of flight {unknown}
 A - 2 potions of invisibility {unknown}
 D - a potion of haste {unknown}
 G - a potion of magic {unknown}
 M - a potion of curing {unknown}


   Skills:
 + Level 9.6 Fighting
 * Level 14.7 Axes
 + Level 6.0 Throwing
 + Level 8.4 Armour
 + Level 2.0 Dodging
 + Level 6.3 Shields
 + Level 4.8 Evocations


You had 10 spell levels left.
You didn't know any spells.
Your spell library contained the following spells:

 Spells                   Type           Power      Damage    Failure   Level
 Ensorcelled Hibernation  Hex/Ice        0%         N/A       83%         2
 Passwall                 Tmut/Erth      0%         N/A       83%         2
 Confusing Touch          Hex            0%         N/A       97%         3
 Inner Flame              Hex/Fire       0%         N/A       97%         3
 Swiftness                Air            0%         N/A       97%         3
 Cause Fear               Hex            0%         N/A       100%        4
 Summon Forest            Summ/Tloc      0%         N/A       100%        5
 Summon Mana Viper        Hex/Summ       0%         N/A       100%        5
 Yara's Violent Unravell  Hex/Tmut       0%         3d3       100%        5
 Summon Cactus Giant      Summ           0%         N/A       100%        6
 Enfeeble                 Hex            0%         N/A       100%        7
 Discord                  Hex            0%         N/A       100%        8


Dungeon Overview and Level Annotations

Branches:
Dungeon (10/15)            Temple (1/1) D:4            Lair (2/5) D:9
  Swamp (0/4) Lair:2          Orc (0/2) D:9         Volcano (1/1)
  Snake: Lair:2-3    Spider: Lair:2-3

Altars:
Ashenzari
Cheibriados
Dithmenos
Elyvilon
Fedhas
Gozag
Hepliaklqana
Kikubaaqudgha
Makhleb
Nemelex Xobeh
Okawaru
Qazlal
Ru
Sif Muna
Trog
Uskayaw
Vehumet
Wu Jian
Xom
Yredelemnul
Zin
The Shining One

Shops:
D:4 :   D:9 *

Annotations:
D:6 3 runed translucent doors, hitsuchi's ghost, novice HOHu


Message History

Okay, then.
You feel very mighty all of a sudden. The salamander barely misses you.
The salamander mystic hits you but does no damage.
You block the salamander's attack.
A red film seems to cover your vision as you go berserk!
You feel yourself moving faster!
You feel mighty!
The salamander hits you from afar with a +0 halberd!!
You are engulfed in flames.
You resist.
The salamander mystic hits you with a +0 quarterstaff!
* * * LOW HITPOINT WARNING * * *
You are engulfed in flames!
You resist.
* * * LOW HITPOINT WARNING * * *
You block the salamander's attack.
You hit the salamander mystic but do no damage.
Lightning courses through the salamander mystic!
The salamander mystic is moderately wounded.
The salamander mystic hits you with a +0 quarterstaff.
* * * LOW HITPOINT WARNING * * *
You are engulfed in flames.
You resist.
* * * LOW HITPOINT WARNING * * *
The salamander misses you.
You slice the salamander mystic!!
The salamander mystic is heavily wounded.
You block the salamander's attack.
The salamander mystic hits you with a +0 quarterstaff.
* * * LOW HITPOINT WARNING * * *
You are engulfed in flames!
You resist.
* * * LOW HITPOINT WARNING * * *
You slash the salamander mystic!
The salamander mystic is severely wounded.
You slash the salamander mystic!
The salamander mystic is almost dead.
The salamander hits you from afar with a +0 halberd.
* * * LOW HITPOINT WARNING * * *
You are engulfed in flames.
You resist.
* * * LOW HITPOINT WARNING * * *
The salamander mystic casts a spell at you.
The bolt of magma hits you! You partially resist.
You die...

≈≈≈≈≈≈≈≈≈≈§§§≈§≈§§≈§§§≈
§§§≈≈≈≈≈≈§≈≈≈§≈§≈§§≈§§§§
§§§≈≈≈≈≈≈≈≈§§§≈≈≈§§≈§§§≈
§≈≈≈≈≈≈≈§≈§§≈≈≈≈§≈≈≈≈≈≈≈
§≈.≈§≈≈.§≈§§.§≈≈≈≈≈≈§§
§§§.......§.....≈≈≈≈§≈
#####'########.≈≈≈≈§§§
#.# #..≈≈§≈§≈ #@#
#...≈≈≈≈§ #N# #..≈..§§§
#N# #.≈≈≈§.§§ #N#
#..≈≈≈≈§§ #.#
..#.≈≈§≈≈≈§ #'#
###..≈≈≈§≈§ ...
#..≈≈≈≈§≈ .8_8.
#.§≈≈≈≈≈≈ +...N.+
#..§§§§§≈


You could see a salamander mystic and 2 salamanders.

Vanquished Creatures
  Erica (D:9)
  4 cane toads (Lair:1)
  Maggie (Lair:2)
  A kobold demonologist (D:7)
  A troll (D:9)
  2 wyverns
  2 fire bats (Volcano)
  A basilisk (Lair:1)
  Eustachio (D:4)
  5 yaks (D:8)
  3 steam dragons
  Menkaure (D:7)
  8 water moccasins
  An acid dragon (D:9)
  Duvessa (D:5)
  5 orc warriors
  A swamp drake (Lair:2)
  4 ice beasts
  2 black bears
  6 ogres
  3 sky beasts
  A centaur (D:7)
  3 wolves (Lair:2)
  A kobold brigand (D:9)
  6 gnoll sergeants
  11 bullfrogs
  8 necrophages
  2 scorpions
  5 wights (D:8)
  Dowan (D:5)
  A howler monkey (D:5)
  6 lava snakes (Volcano)
  4 orc priests
  4 jellies
  5 hounds
  4 iguanas
  5 orc wizards
  12 gnolls
  4 adders
  2 shadow imps
  3 white imps
  7 ufetubi
  2 worms (D:2)
  2 dart slugs
  37 orcs
  9 ball pythons
  9 endoplasms
  2 giant cockroaches (D:1)
  11 goblins
  7 hobgoblins
  4 jackals
  5 quokkas
  3 bats
  5 kobolds
  7 rats
252 creatures vanquished.

Vanquished Creatures (others)
  2 fungi (Lair:2)
  49 plants
  5 toadstools (D:1)
56 creatures vanquished.

Grand Total: 308 creatures vanquished

Notes
Turn   | Place    | Note
-------+----------+-------------------------------------------
     0 | D:1      | LabCoat the Hill Orc Fighter began the quest for the Orb.
     0 | D:1      | Reached XP level 1. HP: 19/19 MP: 1/1
   116 | D:1      | Reached XP level 2. HP: 24/27 MP: 2/2
   353 | D:1      | Reached skill level 3 in Axes
   538 | D:1      | Reached XP level 3. HP: 33/33 MP: 3/3
   907 | D:2      | Identified the +6 spear of Pestilence {speed, rC+ SInv}
  1288 | D:2      | Reached XP level 4. HP: 41/41 MP: 4/4
  2120 | D:4      | Reached skill level 4 in Axes
  2120 | D:4      | Reached skill level 1 in Throwing
  2159 | D:4      | Found Koklot's Book Emporium.
  2177 | D:4      | Reached XP level 5. HP: 47/47 MP: 5/5
  2243 | D:4      | Noticed a water moccasin
  2254 | D:4      | Killed a water moccasin
  2255 | D:4      | Reached XP level 6. HP: 46/55 MP: 6/6
  2356 | D:3      | Reached skill level 5 in Fighting
  2356 | D:3      | Reached skill level 5 in Axes
  2518 | D:4      | Noticed Eustachio
  2522 | D:4      | Killed Eustachio
  2523 | D:4      | Reached XP level 7. HP: 31/61 MP: 7/7
  2682 | D:4      | Reached skill level 1 in Dodging
  3039 | D:4      | Found a staircase to the Ecumenical Temple.
  3053 | Temple   | Entered the Ecumenical Temple
  3176 | Temple   | Became a worshipper of Trog the Wrathful
  3319 | D:5      | Entered Level 5 of the Dungeon
  3386 | D:5      | Reached skill level 6 in Axes
  3671 | D:5      | Reached skill level 7 in Axes
  3790 | D:5      | Noticed Dowan
  3796 | D:5      | Reached XP level 8. HP: 62/69 MP: 8/8
  3802 | D:5      | Killed Dowan
  3818 | D:5      | Noticed Duvessa
  3834 | D:5      | Killed Duvessa
  3835 | D:5      | Reached skill level 8 in Axes
  4151 | D:6      | You are sucked into a shaft and drop 3 floors!
  4179 | D:9      | Found a staircase to the Orcish Mines.
  4179 | D:9      | Noticed a troll
  4187 | D:10     | Entered Level 10 of the Dungeon
  4187 | D:10     | Noticed a two-headed ogre
  4237 | D:9      | Reached skill level 5 in Armour
  4277 | D:9      | Reached skill level 9 in Axes
  4290 | D:9      | Found Ogeirr's Changing Room.
  4366 | D:8      | Noticed a yak
  4366 | D:8      | Noticed a yak
  4366 | D:8      | Noticed a yak
  4366 | D:8      | Noticed a yak
  4377 | D:8      | Noticed a yak
  4550 | D:6      | Reached XP level 9. HP: 75/75 MP: 9/9
  4601 | D:6      | Reached * piety under Trog
  4769 | D:6      | Found a runed translucent gate.
  4769 | D:6      | Found a runed translucent gate.
  4786 | D:6      | Noticed hitsuchi's ghost (novice HOHu)
  4790 | D:6      | Found a runed translucent gate.
  4797 | D:6      | Identified the +1 robe of Nemelex Xobeh's Whim {Regen+}
  4961 | D:6      | Reached skill level 1 in Evocations
  5035 | D:6      | Reached skill level 10 in Axes
  5176 | D:7      | Reached skill level 5 in Shields
  5181 | D:7      | Reached ** piety under Trog
  5252 | D:7      | Found a stormy altar of Qazlal.
  5375 | D:7      | Identified the +0 ring mail of Divine Intervention {rElec
                  | Str+8 Int+4 Stlth-}
  5394 | D:7      | Noticed a kobold demonologist
  5415 | D:7      | Reached skill level 5 in Throwing
  5421 | D:7      | Killed a kobold demonologist
  5422 | D:7      | Reached skill level 11 in Axes
  5472 | D:7      | Reached XP level 10. HP: 86/86 MP: 10/10
  5481 | D:7      | Identified the +1 cloak "Qaippoaf" {+Inv rC+}
  5611 | D:7      | Found a glowing golden altar of the Shining One.
  5654 | D:7      | Noticed Menkaure
  5655 | D:7      | Killed Menkaure
  6076 | D:8      | Reached skill level 12 in Axes
  6185 | D:8      | Paralysed by an orc for 5 turns
  6191 | D:8      | Reached *** piety under Trog
  6662 | D:9      | Noticed Erica
  6670 | D:9      | Paralysed by Erica for 2 turns
  6684 | D:9      | Killed Erica
  6685 | D:9      | Reached skill level 13 in Axes
  6726 | D:9      | Reached XP level 11. HP: 87/95 MP: 11/11
  6883 | D:9      | Found a staircase to the Lair.
  7131 | D:9      | Reached **** piety under Trog
  7258 | Lair:1   | Entered Level 1 of the Lair of Beasts
  7889 | Lair:1   | Reached skill level 14 in Axes
  8078 | Lair:2   | Noticed Maggie
  8136 | Lair:2   | Killed Maggie
  8339 | Lair:2   | Found a staircase to the Swamp.
  8376 | Lair:2   | Found a dark tunnel.
  8394 | Volcano  | Entered a volcano
  8553 | Volcano  | Found a bloodstained altar of Trog.
  8553 | Volcano  | Noticed a salamander
  8553 | Volcano  | Noticed a salamander
  8553 | Volcano  | Noticed a salamander mystic
  8553 | Volcano  | Noticed a salamander
  8575 | Volcano  | Killed from afar by a salamander mystic

Illustrated notes

Levels and vault maps discovered:
D:1:      ldierk_walled_garden, layout_basic
D:2:      layout_basic
D:3:      layout_loops_ring, minmay_misc_feat_five,
          hangedman_abyss_or_decor_stabs
D:4:      layout_basic, minmay_temple_entry_statues, serial_shops,
          nicolae_shop_hallway_stairs, uniq_eustachio
D:5:      layout_loops_ring, serial_bayou, serial_bayou_lake_a,
          serial_bayou_lagoon_b, serial_bayou_lagoon_a, serial_bayou_ford_a,
          gup_sewer_entry_glass, nicolae_figureground_pulse, uniq_duvessa
D:6:      layout_loops_ring, ebering_ghost_rock_garden, item_on_display_a
D:7:      minmay_octagon_keep, layout_basic, lemuel_crystal_altar,
          mainiacjoe_overflow_catwalk, serial_glass, glass_columns_a,
          glass_columns_a, glass_columns_a, glass_columns_b, glass_columns_b,
          glass_columns_a, glass_columns_b, glass_columns_a, glass_columns_b,
          glass_columns_a, item_on_display_a, feat_on_display,
          item_on_display_a, item_on_display_a, uniq_menkaure
D:8:      layout_rooms, minivault_27, nicolae_elevator_lobby_asterisk
D:9:      layout_roguey, lair_entry_dummy,
          kennysheep_orc_monster_closet_entryway, nicolae_transmutations_shop,
          uniq_erica
D:10:     gammafunk_boulding_lane, layout_loops_ring
Temple:   nicolae_temple_slightly_damp_pantheon
Lair:1:   layout_gridlike, grunt_megastairs_5
Lair:2:   layout_concentric_octagons, minmay_swamp_entry_reptiles,
          dummy_snake_entry, nicolae_volcano_entry_hallway,
          roderic_carrion_pond, grunt_megastairs_1, lemuel_fruit_fields,
          uniq_maggie, uniq_gastronok
Volcano:  volcano_lake [vl_original]

Skill      XL: |  1  2  3  4  5  6  7  8  9 10 11 |
---------------+----------------------------------+-----
Fighting       | 4 5 6 7 8 9 |  9.6
Axes           | 3 4 5 7 9 11 13 14 | 14.7
Throwing       | 1 2 3 4 5 6 |  6.0
Armour         | 4 5 6 7 8 |  8.4
Shields        | 4 5 6 |  6.3
Dodging        | 1 2 |  2.0
Evocations     | 2 4 |  4.8

Action                   |  1- 3 |  4- 6 |  7- 9 | 10-12 || total
-------------------------+-------+-------+-------+-------++-------
Melee: War axe           |   107 |    76 |   196 |   267 ||   646
Throw: Dart              |    23 |    42 |    20 |       ||    85
       Throwing net      |       |     1 |     1 |       ||     2
       Boomerang         |       |       |    16 |    19 ||    35
Invok: Berserk           |       |       |     2 |     4 ||     6
       Brothers in Arms  |       |       |       |     1 ||     1
 Abil: Evoke Invisibilit |       |       |       |     1 ||     1
Evoke: Wand              |       |       |    23 |    18 ||    41
  Use: Scroll            |     6 |     3 |     1 |     8 ||    18
       Potion            |       |       |     1 |     1 ||     2
 Stab: Paralysed         |       |       |       |     2 ||     2
       Invisible         |       |       |       |     1 ||     1
Armor: Scale mail        |    28 |    19 |    33 |    18 ||    98
       Ring mail         |    26 |     9 |       |       ||    35
       Plate armour      |       |       |    67 |   117 ||   184
Dodge: Dodged            |    59 |    41 |    70 |    88 ||   258
Block: Buckler           |    20 |    17 |    43 |    62 ||   142
